 Dungeon Crawl Stone Soup version 0.28.0 (webtiles) character file.

Game seed: 15677666439071100296

5866 lastplaneout the Blocker (level 10, -1/79 HPs)
             Began as a Minotaur Fighter on Feb 14, 2022.
             Was an Elder of Nemelex Xobeh.
             Killed from afar by a steam dragon (19 damage)
             ... with a ball of steam
             ... on level 8 of the Dungeon.
             The game lasted 00:20:55 (9623 turns).

lastplaneout the Blocker (Minotaur Fighter)         Turns: 9623, Time: 00:20:58

Health: -1/79      AC: 10    Str: 25    XL:     10   Next: 52%
Magic:  9/9        EV:  4    Int:  5    God:    Nemelex Xobeh [****..]
Gold:   397        SH: 29    Dex: 10    Spells: 9/9 levels left

rFire   . . .      SeeInvis .   a - +0 war axe
rCold   . . .      Faith    .   j - +18 shield of the Gong {rElec rN+ Will+ EV-5}
rNeg    + + .      Spirit   .   p - +2 scale mail {rPois}
rPois   +          Reflect  .   (helmet restricted)
rElec   +          Harm     .   (no cloak)
rCorr   .          Rampage  .   (no gloves)
Will    +....                   (no boots)
Stlth   ..........              (no amulet)
HPRegen 0.23/turn               g - ring of positive energy
MPRegen 0.11/turn               (no ring)

@: no status effects
A: horns 2, retaliatory headbutt, frail 1, mutation resistance 1
a: Renounce Religion, Draw Escape, Draw Destruction, Draw Summoning, Triple
Draw, Deal Four


You were on level 8 of the Dungeon.
You worshipped Nemelex Xobeh.
Nemelex Xobeh was greatly pleased with you.
You visited 1 branch of the dungeon, and saw 8 of its levels.
You also visited: Sewer.

You collected 397 gold pieces.

Inventory:

Hand Weapons
 a - a +0 war axe (weapon)
 r - a +0 hand axe of draining
Missiles
 l - a throwing net (quivered)
Armour
 j - the +18 shield of the Gong (worn) {rElec rN+ Will+ EV-5}
   (You found it on level 3 of the Dungeon)

   It is deafeningly noisy when blocking attacks.
   EV:        It affects your evasion (-5).
   rElec:     It insulates you from electricity.
   rN:        It protects you from negative energy.
   Will:      It increases your willpower.
 p - a +2 scale mail of poison resistance (worn)
 s - +0 acid dragon scales
Jewellery
 g - a ring of positive energy (left hand)
Wands
 f - a wand of flame (13)
 k - a wand of polymorph (14)
 t - a wand of charming (3)
Scrolls
 b - a scroll of amnesia {unknown}
 e - 3 scrolls of fog
 i - 3 scrolls of identify
 o - 3 scrolls of blinking
 q - a scroll of magic mapping {unknown}
Potions
 c - a potion of mutation
 d - 3 potions of might
 h - 2 potions of flight
 m - a potion of heal wounds
 n - a potion of curing


   Skills:
 + Level 7.7 Fighting
 + Level 11.3 Axes
 + Level 8.3 Armour
 + Level 12.1 Shields


You had 9 spell levels left.
You didn't know any spells.
Your spell library contained the following spells:

 Spells                   Type           Power      Damage    Failure   Level
 Magic Dart               Conj           0%         1d3       92%         1
 Summon Small Mammal      Summ           0%         N/A       92%         1
 Call Imp                 Summ           0%         N/A       98%         2
 Call Canine Familiar     Summ           0%         N/A       100%        3
 Mephitic Cloud           Conj/Pois/Air  0%         N/A       100%        3
 Summon Guardian Golem    Hex/Summ       0%         N/A       100%        3
 Tukima's Dance           Hex            0%         N/A       100%        3
 Passage of Golubria      Tloc           0%         N/A       100%        4
 Summon Lightning Spire   Summ/Air       0%         N/A       100%        4
 Yara's Violent Unravell  Hex/Tmut       0%         3d3       100%        5
 Storm Form               Tmut/Air       0%         N/A       100%        7
 Maxwell's Capacitive Co  Air            0%         ∞         100%        8


Dungeon Overview and Level Annotations

Branches:
Dungeon (8/15)             Temple (0/1) D:6           Sewer (visited)
   Lair: D:8-11

Altars:
Nemelex Xobeh
Vehumet

Shops:
D:3 (

Annotations:
D:8 Gastronok, Harold


Innate Abilities, Weirdness & Mutations

You have a pair of horns on your head.
You reflexively headbutt those who attack you in melee.
You are frail. (-10% HP)
You are somewhat resistant to further mutation.


Message History

The centaur is almost dead.
The centaur hits you but does no damage.
You block the centaur's attack.
BONNNG!
The centaur barely misses you. You furiously retaliate!
You headbutt the centaur!
You kill the centaur!
Things that are here:
a +0 shortbow; 17 arrows; a centaur corpse You now have 397 gold pieces (gained 6).
A steam dragon comes into view.
The steam dragon hisses angrily.
The steam dragon breathes steam at you. The ball of steam hits you!!
The steam dragon moves out of view.
You are engulfed in a cloud of scalding steam.
You are engulfed in a cloud of scalding steam.
You are engulfed in a cloud of scalding steam.
You block the steam dragon's attack.
BONNNG!
The steam dragon claws you but does no damage.
You closely miss the steam dragon.
You are engulfed in a cloud of scalding steam.
You block the steam dragon's attack.
GONNNNG!
You block the steam dragon's attack.
SHROANNG!
You barely miss the steam dragon. Your headbutt misses the steam dragon.
The steam dragon bites you but does no damage.
You block the steam dragon's attack.
BONNNG!
The steam dragon breathes steam at you. The ball of steam hits you!
* * * LOW HITPOINT WARNING * * *
You hit the steam dragon but do no damage.
You are engulfed in a cloud of scalding steam.
* * * LOW HITPOINT WARNING * * *
The steam dragon breathes steam at you. The ball of steam hits you!!
You die...
Your body glows slightly and disappears.

###...##### ##
######....)....# .####
.......).#.....###.....
.#####.#.#))......<#...
#.#.#)#.........#.
#.#.#)#...........
####.#.#)#........#.#
#..D§#.#.####...#....
#@#.#)# #...#.#.#
#.§.#)# #...#....
#..###)# ##.##....
#.###..# #..#.#.. #.
..(## ##.#...< #.##.#
#.#.... .#. #. #......
#.#. #. #..8#8. .#.#. #
#..#!#.


You could see a steam dragon (catching breath).

Vanquished Creatures
  A two-headed ogre (D:5)
  The ghost of Jingleheimer the Ruffian, a novice DrTm (D:7)
  Joseph (D:8)
  Maggie (D:8)
  A hornet (D:5)
  A slime creature (D:5)
  A golden eye (D:8)
  Menkaure (D:5)
  A naga (D:8)
  A water moccasin (D:5)
  Duvessa (D:5)
  An orc warrior (D:7)
  3 ogres
  2 necrophages
  A wolf (D:8)
  2 centaurs
  2 phantoms
  8 kobold brigands
  3 bullfrogs
  6 scorpions
  A water moccasin skeleton (D:3)
  Dowan (D:5)
  6 wights (D:7)
  3 electric eels
  A centaur zombie (D:5)
  2 hounds
  7 jellies
  A centaur skeleton (D:6)
  A gnoll shaman (D:6)
  2 bullfrog skeletons (D:5)
  6 orc priests
  Terence (D:3)
  An orc wizard (D:6)
  A hound skeleton (D:4)
  Robin (D:4)
  4 gnolls
  A river rat (Sewer)
  8 adders
  2 shadow imps
  2 white imps
  An adder skeleton (D:4)
  4 worms
  3 dart slugs
  14 orcs
  13 ball pythons
  7 endoplasms
  A giant cockroach (D:3)
  22 goblins
  10 hobgoblins
  10 jackals
  2 quokkas
  6 bats
  3 frilled lizards
  20 kobolds
  7 rats
214 creatures vanquished.

Vanquished Creatures (others)
  4 fungi (D:5)
  12 plants (D:6)
  11 toadstools (D:5)
27 creatures vanquished.

Grand Total: 241 creatures vanquished

Notes
Turn   | Place    | Note
-------+----------+-------------------------------------------
     0 | D:1      | lastplaneout the Minotaur Fighter began the quest for the
                  | Orb.
     0 | D:1      | Reached XP level 1. HP: 19/19 MP: 0/0
   376 | D:1      | Reached XP level 2. HP: 16/26 MP: 1/1
  1030 | D:1      | Found a faded altar of an unknown god.
  1040 | D:1      | Prayed at the altar of an unknown god.
  1040 | D:1      | Became a worshipper of Nemelex Xobeh the Trickster
  1040 | D:1      | Reached * piety under Nemelex Xobeh
  1040 | D:1      | Received a gift from Nemelex Xobeh
  1261 | D:1      | Reached XP level 3. HP: 27/31 MP: 2/2
  1719 | D:2      | Reached skill level 5 in Axes
  2002 | D:2      | Found a radiant altar of Vehumet.
  2118 | D:2      | Reached XP level 4. HP: 27/39 MP: 3/3
  2301 | D:3      | Noticed Terence
  2312 | D:3      | Killed Terence
  2541 | D:3      | Reached ** piety under Nemelex Xobeh
  2655 | D:3      | Noticed a scorpion
  2661 | D:3      | Killed a scorpion
  2662 | D:3      | Reached XP level 5. HP: 30/45 MP: 4/4
  2964 | D:3      | Found the +18 shield of the Gong {rElec rN+ Will+ EV-5}
  2984 | D:3      | Reached XP level 6. HP: 34/51 MP: 5/5
  3264 | D:3      | Found Koclaa's Weapon Boutique.
  3380 | D:3      | Received a gift from Nemelex Xobeh
  3624 | D:4      | Noticed Robin
  3893 | D:4      | Reached XP level 7. HP: 52/57 MP: 6/6
  4063 | D:4      | Received a gift from Nemelex Xobeh
  4133 | D:4      | Reached skill level 10 in Axes
  4139 | D:4      | Found a glowing drain.
  4160 | Sewer    | Entered a sewer
  4244 | Sewer    | Gained mutation: You are frail. (-10% HP) [potion of
                  | mutation]
  4244 | Sewer    | Gained mutation: You are somewhat resistant to further
                  | mutation. [potion of mutation]
  4422 | Sewer    | Found a white marble altar of Elyvilon.
  4843 | D:4      | Killed Robin
  4870 | D:5      | Entered Level 5 of the Dungeon
  4885 | D:5      | Reached XP level 8. HP: 51/57 MP: 7/7
  5012 | D:5      | Reached skill level 4 in Shields
  5070 | D:5      | Noticed Dowan
  5072 | D:5      | Noticed Duvessa
  5092 | D:5      | Reached skill level 5 in Shields
  5103 | D:5      | Killed Duvessa
  5109 | D:5      | Killed Dowan
  5259 | D:5      | Reached skill level 6 in Shields
  5364 | D:5      | Reached *** piety under Nemelex Xobeh
  5387 | D:5      | Reached skill level 5 in Fighting
  5422 | D:5      | Noticed a slime creature
  5433 | D:5      | Killed a slime creature
  5434 | D:5      | Reached skill level 5 in Armour
  5434 | D:5      | Reached skill level 7 in Shields
  5459 | D:5      | Reached XP level 9. HP: 15/66 MP: 8/8
  5937 | D:5      | Received a gift from Nemelex Xobeh
  6091 | D:5      | Noticed Menkaure
  6108 | D:5      | Killed Menkaure
  6298 | D:6      | Reached skill level 8 in Shields
  6308 | D:6      | Noticed a two-headed ogre
  6399 | D:6      | Found a staircase to the Ecumenical Temple.
  6735 | D:5      | Killed a two-headed ogre
  6736 | D:5      | Reached skill level 9 in Shields
  7206 | D:6      | Reached skill level 10 in Shields
  7495 | D:6      | Received a gift from Nemelex Xobeh
  8416 | D:7      | Reached **** piety under Nemelex Xobeh
  8465 | D:7      | Reached XP level 10. HP: 67/77 MP: 9/9
  8621 | D:7      | Reached skill level 11 in Shields
  9118 | D:7      | Found a runed translucent door.
  9118 | D:7      | Noticed Jingleheimer's ghost (novice DrTm)
  9133 | D:7      | Killed Jingleheimer's ghost
  9245 | D:8      | Noticed Gastronok
  9245 | D:8      | Noticed Maggie
  9246 | D:8      | Noticed Harold
  9257 | D:8      | Killed Maggie
  9494 | D:8      | Noticed Joseph
  9507 | D:8      | Killed Joseph
  9508 | D:8      | Reached skill level 12 in Shields
  9623 | D:8      | Killed from afar by a steam dragon

Illustrated notes

Levels and vault maps discovered:
D:1:      minmay_arrival_split_and_join, layout_basic,
          hellmonk_ecumenical_altar_slurped_away, kennysheep_nondescript,
          minmay_misc_feat_alley
D:2:      layout_basic, basic_altar, amcnicky_mini_corridor_feature,
          kennysheep_generic_room_12
D:3:      minmay_octagon_keep, layout_loops_corners, serial_shops,
          nicolae_diamond_shop, uniq_terence
D:4:      layout_loops_ring, cheibrodos_sewer_entry_drain,
          hangedman_decor_diamond_cutter, uniq_robin
D:5:      cheibrodos_fertilizer, layout_loops_cross, uniq_duvessa, uniq_menkaure
D:6:      layout_rooms, minmay_temple_entry_grid, serial_bayou,
          serial_bayou_pond_a, serial_bayou_shore_b, serial_bayou_crossing,
          serial_bayou_pond_d, serial_bayou_pond_b
D:7:      cheibrodos_helix_gallery, layout_loops_cross, gammafunk_ghost_grave
D:8:      layout_loops_ring, nicolae_overflow_quartered_altars,
          serial_co_window_serial, co_window_corner_a,
          co_window_of_opportunity_a, co_window_cross_1, co_window_paths_a,
          co_window_of_opportunity_a, co_window_paths_a, co_window_corner_a,
          co_window_of_opportunity_a, co_window_of_opportunity_a,
          co_window_corner_ca, co_window_broadway_c, co_window_2corner,
          co_window_broadway_a, co_window_paths_d, glass_columns_c,
          glass_columns_a, glass_columns_a, glass_columns_a,
          minmay_statues_item, uniq_gastronok, uniq_harold, uniq_maggie,
          uniq_joseph

Skill      XL: |  1  2  3  4  5  6  7  8  9 10 |
---------------+-------------------------------+-----
Axes           | 3 4 5 6 7 9 11 | 11.3
Shields        | 7 10 12 | 12.1
Fighting       | 5 7 |  7.7
Armour         | 5 7 8 |  8.3

Action                   |  1- 3 |  4- 6 |  7- 9 | 10-12 || total
-------------------------+-------+-------+-------+-------++-------
Melee: War axe           |    79 |   123 |   335 |   104 ||   641
       Headbutt          |    10 |    19 |    56 |    10 ||    95
Invok: Draw Destruction  |       |       |     3 |     2 ||     5
  Use: Scroll            |       |       |     4 |     2 ||     6
       Potion            |       |       |     3 |       ||     3
Armor: Scale mail        |    30 |    28 |    40 |    18 ||   116
       Skin              |       |       |     7 |       ||     7
Dodge: Dodged            |    28 |    30 |    11 |     5 ||    74
Block: Buckler           |    24 |    12 |       |       ||    36
       Kite shield       |       |    71 |   389 |   146 ||   606
